 Dungeon Crawl Stone Soup version 0.19-a0-1201-gda63bca (webtiles) character file.

329 McCoppin the Sneak (level 6, 0/39 HPs)
             Began as an Octopode Gladiator on Aug 21, 2016.
             Slain by an orc priest
             ... wielding a +0 trident
              (2 damage)
             ... on level 5 of the Dungeon.
             The game lasted 00:06:15 (2962 turns).

McCoppin the Sneak (Octopode Gladiator)             Turns: 2962, Time: 00:06:17

Health: 0/39       AC:  2    Str: 19    XL:     6   Next: 50%
Magic:  15/15      EV: 14    Int: 10    God:
Gold:   159        SH:  0    Dex: 15    Spells: 0 memorised, 5 levels left

rFire  . . .     SeeInvis +     a - +0 long sword
rCold  . . .     Gourm    .     (no shield)
rNeg   + . .     Faith    .     p - +1 hat
rPois  .         Spirit   .     k - amulet of rage
rElec  .         Dismiss  .     f - ring of positive energy
rCorr  .         Reflect  .     j - ring of magical power
MR     .....     Harm     .     q - ring of see invisible
Stlth  +++++.....               (no ring)
                                (no ring)
                                (no ring)
                                (no ring)
                                (no ring)

@: mighty
A: almost no armour, amphibious, 8 rings, constrict 8, camouflage 1, gelatinous
body 1
a: Evoke Berserk Rage


You were on level 5 of the Dungeon.
You were not hungry.

You visited 1 branch of the dungeon, and saw 5 of its levels.

You collected 159 gold pieces.

Inventory:

Hand Weapons
 a - a +0 long sword (weapon)
Missiles
 c - 3 throwing nets (quivered)
Armour
 b - a +0 hat
 p - a +1 hat (worn)
Jewellery
 f - a ring of positive energy (left tentacle)
 j - a ring of magical power (right tentacle)
 k - an amulet of rage (around mantle)
 q - a ring of see invisible (on tentacle)
Scrolls
 g - 3 scrolls of recharging {unknown}
 h - a scroll of enchant weapon {unknown}
 i - a scroll of remove curse {unknown}
 l - 3 scrolls of blinking {unknown}
 o - a scroll of fear {unknown}
 r - 2 scrolls of identify {unknown}
 s - 3 scrolls of amnesia {unknown}
 u - a scroll of noise {unknown}
Potions
 e - 2 potions of curing {unknown}
 m - 2 potions of might
 t - a potion of resistance {unknown}
Comestibles
 d - 4 bread rations
 n - 4 fruits


   Skills:
 - Level 2.0 Fighting
 + Level 4.4 Long Blades
 - Level 2.0 Throwing
 - Level 3.0 Dodging
 * Level 7.7 Stealth


You had 5 spell levels left.
You didn't know any spells.

Dungeon Overview and Level Annotations

Branches:
Dungeon (5/15)
 Temple: D:4-7

Altars:
Makhleb


Innate Abilities, Weirdness & Mutations

You cannot wear most types of armour.
You are amphibious.
You can wear up to eight rings at the same time.
You can use your tentacles to constrict eight enemies at once.
Your skin changes colour to match your surroundings (Stealth+).
Your rubbery body absorbs attacks. (AC +1, EV +1)


Message History

a club; a dagger; a robe; a quokka corpse; an orc corpse You hit the orc priest.
Your grab misses the orc priest. You squeeze the orc priest.
The orc priest is heavily wounded.
You constrict the orc wizard, but do no damage.
The orc priest hits you with a trident!
* * * LOW HITPOINT WARNING * * *
The orc wizard hits you but does no damage. x2
The orc priest hits you with a trident.
* * * LOW HITPOINT WARNING * * *
It was a potion of might.
You feel very mighty all of a sudden.
You constrict the orc wizard.
The orc wizard points at you and mumbles some strange words.
The puff of flame misses you.
The puff of flame hits the orc priest.
You barely miss the orc priest. You grab the orc priest.
The orc priest is severely wounded.
You constrict the orc priest. You constrict the orc wizard.
The orc priest hits you with a trident.
You die...

###...[# ......#
####.....#
.......?# .......
#.>.. #.o#
####@#######
##...o......##
#.^..........##
#..............#
#...........<..#
..........[.....#
..................#
..##.............>#
.. ##............##


You could see an orc priest and an orc wizard (invisible).

Vanquished Creatures
  An orc priest (D:3)
  A centaur skeleton (D:4)
  2 orc wizards
  A worker ant (D:4)
  A howler monkey skeleton (D:4)
  7 adders
  4 gnolls (D:4)
  A worm (D:2)
  3 dart slugs
  3 giant geckos (D:2)
  3 orcs
  5 giant cockroaches
  9 goblins
  9 hobgoblins
  6 kobolds
  2 quokkas
  8 bats
  4 giant newts
  7 rats
77 creatures vanquished.

Notes
Turn   | Place    | Note
-------+----------+-------------------------------------------
     0 | D:1      | McCoppin the Octopode Gladiator began the quest for the Orb.
     0 | D:1      | Reached XP level 1. HP: 14/14 MP: 1/1
    58 | D:1      | Reached skill level 1 in Stealth
    65 | D:1      | Reached XP level 2. HP: 19/19 MP: 2/2
   184 | D:1      | Reached skill level 2 in Stealth
   601 | D:1      | Reached XP level 3. HP: 24/24 MP: 3/3
   671 | D:2      | Reached skill level 3 in Stealth
  1062 | D:3      | Reached skill level 4 in Stealth
  1062 | D:3      | Reached XP level 4. HP: 20/29 MP: 4/4
  1463 | D:3      | Reached skill level 5 in Stealth
  1607 | D:3      | Reached XP level 5. HP: 21/34 MP: 5/5
  1611 | D:3      | Reached skill level 6 in Stealth
  1902 | D:3      | Found a burning altar of Makhleb.
  2230 | D:4      | Reached XP level 6. HP: 25/39 MP: 6/6
  2719 | D:4      | Reached skill level 7 in Stealth
  2931 | D:5      | Entered Level 5 of the Dungeon
  2962 | D:5      | Slain by an orc priest

Vault maps used:
D:1:      dpeg_arrival_arbitrary_c
D:2:      first_bread
D:3:      kennysheep_flooded_box, bloody_makhleb
D:5:      grunt_decor_mini_mirrors, nicolae_tso_swordbearing_angel,
          uniq_blork_the_orc, uniq_grinder, uniq_pikel

Skill      XL: |  1  2  3  4  5  6 |
---------------+-------------------+-----
Stealth        | 1 2 4 5 6 7 |  7.7
Long Blades    | 4 |  4.4
Fighting       | |  2.0
Throwing       | |  2.0
Dodging        | |  3.0

Action                   |  1- 3 |  4- 6 || total
-------------------------+-------+-------++-------
Melee: Long sword        |    74 |    90 ||   164
       Constrict         |    20 |    25 ||    45
       Tentacles         |     6 |    19 ||    25
  Use: Potion            |       |     1 ||     1
 Stab: Sleeping          |    11 |     9 ||    20
       Distracted        |       |     1 ||     1
  Eat: Chunk             |       |     3 ||     3
       Meat ration       |       |     1 ||     1
Armor: Skin              |     2 |     3 ||     5
Dodge: Dodged            |    41 |    37 ||    78
